 Dungeon Crawl Stone Soup version 0.21-a0-221-gfe971b9 (webtiles) character file.

9048 Moloch the Carver (level 11, -16/104 HPs)
             Began as a Green Draconian Fighter on Aug 26, 2017.
             Was a High Priest of Okawaru.
             Demolished by Urug
             ... wielding a +2 great mace of draining
              (30 damage)
             ... on level 10 of the Dungeon.
             The game lasted 00:21:58 (11414 turns).

Moloch the Carver (Green Draconian Fighter)        Turns: 11414, Time: 00:22:00

Health: -16/104    AC: 11    Str: 19    XL:     11   Next: 17%
Magic:  10/11      EV: 13    Int:  8    God:    Okawaru [*****.]
Gold:   584        SH: 10    Dex: 14    Spells: 4/10 levels left

rFire    . . .     SeeInvis .   m - +4 dagger (venom)
rCold    + . .     Gourm    .   b - +0 shield
rNeg     . . .     Faith    +   (armour unavailable)
rPois    +         Spirit   .   N - +2 hat
rElec    .         Reflect  .   D - +0 cloak
rCorr    .         Harm     .   (no gloves)
MR       .....                  o - +0 pair of boots
Stlth    ++........             Q - amulet of faith
HPRegen  0.27/turn              y - +6 ring of slaying
MPRegen  0.12/turn              G - ring of protection from cold

@: about to teleport, short of breath, heroism, heavily drained
A: breathe noxious fumes, unfitting armour, poison resistance, wild magic 1,
cold-blooded, AC +7
a: Breathe Noxious Fumes, Heroism, Finesse, Renounce Religion


You were on level 10 of the Dungeon.
You worshipped Okawaru.
Okawaru was extremely pleased with you.
You were hungry.

You visited 2 branches of the dungeon, and saw 11 of its levels.
You also visited: Sewer.

You collected 584 gold pieces.

Inventory:

Hand Weapons
 a - a +0 long sword
 m - a +4 dagger of venom (weapon)
Armour
 b - a +0 shield (worn)
 o - a +0 pair of boots (worn)
 D - a +0 cloak (worn)
 N - a +2 hat (worn)
Jewellery
 y - a +6 ring of slaying (left hand)
 G - a ring of protection from cold (right hand)
 M - an uncursed ring of positive energy
 Q - an amulet of faith (around neck)
Wands
 C - a wand of iceblast (5/15)
Scrolls
 e - 3 scrolls of blinking
 g - 2 scrolls of amnesia {unknown}
 i - 5 scrolls of magic mapping {unknown}
 j - 7 scrolls of identify
 n - a scroll of immolation
 q - a scroll of noise
 r - 3 scrolls of remove curse
 s - a scroll of random uselessness {unknown}
 t - 7 scrolls of teleportation
 v - a scroll of fear {unknown}
 w - a scroll of recharging {unknown}
 J - a scroll of enchant armour {unknown}
 O - 2 scrolls of fog {unknown}
 P - a scroll of holy word {unknown}
Potions
 c - 4 potions of might
 f - 2 potions of degeneration {unknown}
 h - 2 potions of mutation {unknown}
 k - a potion of curing
 l - 2 potions of flight {unknown}
 u - 3 potions of agility {unknown}
 z - 2 potions of haste {unknown}
 B - 2 potions of invisibility {unknown}
 H - a potion of magic {unknown}
 I - 3 potions of brilliance {unknown}
 K - a potion of berserk rage {unknown}
 L - 2 potions of lignification {unknown}
Books
 E - a book of Battle

   Spells                             Type                      Level
   a - Infusion                       Charms                       1
   b - Shroud of Golubria             Charms/Translocation         2
   c - Song of Slaying                Charms                       2
   d - Spectral Weapon                Hexes/Charms                 3
   e - Regeneration                   Charms/Necromancy            3
Comestibles
 d - 5 bread rations
 x - 8 meat rations
 A - 21 fruits
 F - 11 royal jellies
 R - 3 chunks of flesh


   Skills:
 + Level 12.1(13.7) Fighting
 + Level 13.4(14.9) Long Blades
 - Level 2.6(5.0) Dodging
 - Level 3.0(5.3) Shields


You had 4 spell levels left.
You knew the following spells:

 Your Spells              Type           Power        Failure   Level  Hunger
a - Regeneration          Chrm/Necr      #.........   99%         3    ####...
b - Spectral Weapon       Hex/Chrm       #.......     99%         3    ####...


Dungeon Overview and Level Annotations

Branches:
Dungeon (10/15)            Temple (1/1) D:5            Lair (0/6) D:9
    Orc: D:9-12

Altars:
Dithmenos
Elyvilon
Hepliaklqana
Okawaru
Qazlal
Vehumet
Wu Jian
Xom
Yredelemnul

Shops:
D:6 (

Annotations:
D:10 Urug


Innate Abilities, Weirdness & Mutations

You can breathe blasts of noxious fumes.
Your lurid green scales are hard. (AC +7)
You cannot fit into any form of body armour.
Your system is resistant to poisons. (rPois)
You are cold-blooded and may be slowed by cold attacks.
Your spells are a little harder to cast, but a little more powerful.


Message History

* * * LOW HITPOINT WARNING * * *
Unknown command.
As you read the scroll of teleportation, it crumbles to dust.
You feel strangely unstable. The killer bee closely misses you.
You block the killer bee's attack.
Urug hits you with a great mace of draining!
* * * LOW HITPOINT WARNING * * *
You feel drained.
* * * LOW HITPOINT WARNING * * *
Unknown command.
It was a potion of curing.
You feel better. The killer bee stings you.
* * * LOW HITPOINT WARNING * * *
You block the killer bee's attack. You block Urug's attack.
You feel better. The killer bee barely misses you.
You block the killer bee's attack.
You feel better. The killer bee stings you!
* * * LOW HITPOINT WARNING * * *
You block the killer bee's attack.
Urug hits you with a great mace of draining!!
You die...

...........###.. ...
#....>...# ### ...
#........# #
....##........# #
######............## #
.......##.........# #
..................####
......oy........##...#
####...@........##...#
.......(.............#
.######..............#
#..............#
#..............#
#####.......####
#.........####
##............#
#.............#


You could see Urug and a killer bee.

Vanquished Creatures
  Gastronok (D:8)
  A two-headed ogre (D:9)
  2 trolls
  Prince Ribbit (D:7)
  3 hippogriffs
  Sigmund (D:1)
  A hungry ghost (D:9)
  3 vampire mosquitoes (D:10)
  2 soldier ants (D:9)
  A water moccasin (D:9)
  2 ice beasts
  10 ogres
  2 phantoms
  2 sky beasts
  5 centaurs
  2 big kobolds
  A bullfrog (D:10)
  A gnoll sergeant (D:7)
  2 killer bees (D:10)
  2 scorpions
  7 electric eels
  8 howler monkeys
  8 crimson imps
  2 quasits
  10 orc priests
  5 hounds
  2 jellies
  8 orc wizards
  3 bullfrog skeletons
  A centaur skeleton (D:8)
  A gnoll shaman (D:10)
  An iguana (D:9)
  4 worker ants
  A hound zombie (D:9)
  3 hound skeletons
  Robin (D:2)
  2 worker ant zombies
  14 gnolls
  A howler monkey skeleton (D:7)
  7 river rats
  12 adders
  2 shadow imps
  A white imp (D:5)
  3 oozes
  An adder skeleton (D:6)
  An adder zombie (D:6)
  4 worms
  5 dart slugs
  2 leopard geckos
  41 orcs
  5 bats
  7 giant cockroaches
  14 hobgoblins
  16 jackals
  4 quokkas
  5 ball pythons
  14 frilled lizards
  34 goblins
  29 kobolds
  A leopard gecko skeleton (D:5)
  A leopard gecko zombie (D:8)
  15 rats
351 creatures vanquished.

Notes
Turn   | Place    | Note
-------+----------+-------------------------------------------
     0 | D:1      | Moloch the Draconian Fighter began the quest for the Orb.
     0 | D:1      | Reached XP level 1. HP: 19/19 MP: 1/1
    95 | D:1      | Reached XP level 2. HP: 24/26 MP: 2/2
   214 | D:1      | Reached skill level 3 in Long Blades
   524 | D:1      | Reached XP level 3. HP: 25/31 MP: 3/3
   720 | D:2      | Noticed Robin
  1012 | D:1      | Reached skill level 4 in Long Blades
  1283 | D:2      | Killed Robin
  1332 | D:2      | Reached XP level 4. HP: 29/38 MP: 4/4
  1659 | D:2      | Noticed Sigmund
  1663 | D:2      | Reached skill level 5 in Long Blades
  1914 | D:1      | Killed Sigmund
  1914 | D:1      | Reached skill level 6 in Long Blades
  1914 | D:1      | Reached XP level 5. HP: 33/45 MP: 5/5
  1914 | D:1      | Reached XP level 6. HP: 38/51 MP: 6/6
  2039 | D:2      | Found a radiant altar of Vehumet.
  2122 | D:2      | Found a white marble altar of Elyvilon.
  2383 | D:3      | Found a hazy altar of Hepliaklqana.
  2458 | D:3      | Reached skill level 7 in Long Blades
  2599 | D:3      | Found a glowing drain.
  2603 | Sewer    | Entered a sewer
  3101 | D:3      | Your scales start taking on a lurid green colour.
  3101 | D:3      | Reached XP level 7. HP: 6/57 MP: 7/7
  3101 | D:3      | Gained mutation: Your system is resistant to poisons. (rPois) [Green Draconian growth]
  3573 | D:4      | Reached skill level 8 in Long Blades
  4622 | D:5      | Entered Level 5 of the Dungeon
  4655 | D:5      | Found a staircase to the Ecumenical Temple.
  4681 | Temple   | Entered the Ecumenical Temple
  4686 | Temple   | Became a worshipper of Warmaster Okawaru
  4874 | D:5      | Found a stormy altar of Qazlal.
  4922 | D:5      | Reached skill level 9 in Long Blades
  4922 | D:5      | Reached XP level 8. HP: 38/67 MP: 8/8
  5101 | D:5      | Reached skill level 5 in Fighting
  5588 | D:5      | Found a shimmering altar of Xom.
  5588 | D:5      | Found a faded altar of an unknown god.
  5593 | D:5      | Found a basalt altar of Yredelemnul.
  5597 | D:5      | Found a shadowy altar of Dithmenos.
  5599 | D:5      | Found a faded altar of an unknown god.
  5865 | D:6      | Found Amniumul's Antique Weapon Shop.
  5915 | D:6      | Reached * piety under Okawaru
  5966 | D:6      | Reached skill level 10 in Long Blades
  6058 | D:6      | Gained mutation: Your spells are a little harder to cast, but a little more powerful. [mutagenic meat]
  6059 | D:6      | Gained mutation: You are agile. (Dex +2) [mutagenic meat]
  6060 | D:6      | Lost mutation: You are agile. (Dex +2) [mutagenic meat]
  6206 | D:6      | Learned a level 3 spell: Regeneration
  6553 | D:7      | Learned a level 3 spell: Spectral Weapon
  6772 | D:7      | Noticed Prince Ribbit
  6790 | D:7      | Killed Prince Ribbit
  6790 | D:7      | Reached XP level 9. HP: 73/79 MP: 9/9
  6869 | D:7      | Reached ** piety under Okawaru
  7489 | D:8      | Reached skill level 11 in Long Blades
  7649 | D:8      | Noticed Gastronok
  7672 | D:8      | Killed Gastronok
  7672 | D:8      | Reached *** piety under Okawaru
  7672 | D:8      | Reached **** piety under Okawaru
  7672 | D:8      | Reached skill level 12 in Long Blades
  7672 | D:8      | Reached XP level 10. HP: 65/92 MP: 10/10
  8179 | D:8      | Reached skill level 10 in Fighting
  9824 | D:9      | Noticed a two-headed ogre
  9834 | D:9      | Killed a two-headed ogre
  9834 | D:9      | Reached ***** piety under Okawaru
  9834 | D:9      | Reached skill level 13 in Long Blades
 10098 | D:9      | Found a staircase to the Lair.
 10322 | D:9      | Received a gift from Okawaru
 10745 | D:10     | Entered Level 10 of the Dungeon
 10802 | D:9      | Reached XP level 11. HP: 102/104 MP: 11/11
 11388 | D:10     | Noticed Urug
 11411 | D:10     | HP: 1/104 [Urug/great mace of draining (5)]
 11414 | D:10     | Demolished by Urug

Vault maps used:
D:1:      nicolae_arrival_memento_mori
D:2:      vehumet_crystals, first_bread, elyvilon_altar_3, uniq_robin,
          uniq_sigmund
D:3:      old_standard_altar, gup_sewer_entry_bowl, minmay_ogre_servants
D:5:      chequers_temple_overflow_minitemple, grunt_qazlal_clouds,
          minmay_temple_entry_glassed_door, minmay_fire_ice_demons
D:6:      serial_shops, nicolae_shop_crystal, minivault_11, minivault_4,
          serial_park_tiny_pond
D:7:      corexii_shantytown, uniq_prince_ribbit1
D:8:      uniq_gastronok
D:9:      hangedman_pestilent_swarm
D:10:     dragon1_lemuel, minmay_statues_item, uniq_urug
Temple:   nicolae_temple_elliptical
Sewer:    sewer_co_cracked_pipes

Skill      XL: |  1  2  3  4  5  6  7  8  9 10 11 |
---------------+----------------------------------+-----
Long Blades    | 3 4 6 7 9 10 12 13 | 13.4
Fighting       | 4 7 9 11 12 | 12.1
Dodging        | |  2.6
Shields        | |  3.0

Action                   |  1- 3 |  4- 6 |  7- 9 | 10-12 || total
-------------------------+-------+-------+-------+-------++-------
Melee: Long sword        |    57 |       |       |    27 ||    84
       Tailslap          |    13 |    15 |    44 |    52 ||   124
       Dagger            |    59 |   182 |   355 |   272 ||   868
Invok: Heroism           |       |       |       |     3 ||     3
 Abil: Breathe Noxious F |       |       |    10 |    18 ||    28
  Use: Scroll            |       |       |     6 |     1 ||     7
       Potion            |       |       |       |     4 ||     4
 Stab: Sleeping          |     1 |     3 |     2 |       ||     6
       Distracted        |       |     2 |       |       ||     2
       Confused          |       |       |     3 |     5 ||     8
  Eat: Chunk             |     1 |     2 |    18 |    15 ||    36
       Bread ration      |       |     1 |       |       ||     1
       Fruit             |       |       |     2 |       ||     2
Armor: Skin              |    37 |    37 |    71 |    87 ||   232
Dodge: Dodged            |    64 |    52 |    94 |   108 ||   318
Block: Shield            |    60 |    50 |   100 |   108 ||   318
       Rpst.: Long sword |    13 |       |       |     9 ||    22

Table legend:
 A = Spawn XP
 B = Non-spawn XP
 C = Spawn XP percentage of total XP
 D = Spawn monster count
 E = Non-spawn monster count
 F = Spawn count percentage of total count
 G = Total turns spent on level
                    A         B        C        D         E        F      G
               +---------+---------+-------+---------+---------+-------+---------
         Total |    1435 |   11492 |  11.1 |      46 |     305 |  13.1 | 11414
               +---------+---------+-------+---------+---------+-------+---------
           D:1 |      19 |     297 |   6.0 |       9 |      34 |  20.9 |  1587
           D:2 |       0 |     110 |   0.0 |       0 |      19 |   0.0 |   617
           D:3 |      17 |     288 |   5.6 |       2 |      33 |   5.7 |   986
           D:4 |      40 |     165 |  19.5 |       4 |      19 |  17.4 |  1064
           D:5 |      50 |     669 |   7.0 |       1 |      20 |   4.8 |  1163
           D:6 |      41 |     897 |   4.4 |       1 |      21 |   4.5 |   584
           D:7 |     132 |     543 |  19.6 |       1 |      43 |   2.3 |  1013
           D:8 |     109 |    3646 |   2.9 |       4 |      25 |  13.8 |  1086
           D:9 |    1027 |    2894 |  26.2 |      24 |      47 |  33.8 |  2598
          D:10 |       0 |    1888 |   0.0 |       0 |      22 |   0.0 |   337
         Sewer |       0 |      95 |   0.0 |       0 |      22 |   0.0 |   368
               +---------+---------+-------+---------+---------+-------+---------
